 Dungeon Crawl Stone Soup version 0.29-a0-344-ge2f44be95a (webtiles) character file.

Game seed: 18149678006543179923

2964 sammy202020 the Fighter (level 9, -5/71 (87) HPs)
             Began as a Demonspawn Berserker on Apr 22, 2022.
             Was a Believer of Trog.
             Slain by a two-headed ogre
             ... wielding a +0 dire flail
              (20 damage)
             ... on level 8 of the Dungeon.
             The game lasted 00:09:50 (7425 turns).

sammy202020 the Fighter (Demonspawn Berserker)      Turns: 7425, Time: 00:09:50

HP:   -5/71 (87)    AC: 20    Str: 18    XL:     9   Next: 52%
MP:   9/9           EV:  8    Int: 10    God:    Trog [**....]
Gold: 150           SH:  0    Dex: 13    Spells: 8/8 levels left

rFire   . . .      SeeInvis .   a - +1 hand axe
rCold   . . .      Faith    .   (no shield)
rNeg    . . .      Spirit   .   y - +0 chain mail
rPois   .          Reflect  .   B - +2 helmet
rElec   .          Harm     .   (no cloak)
rCorr   .          Rampage  .   c - +0 pair of gloves
Will    ++...                   (no boots)
Stlth   ..........              (no amulet)
HPRegen 1.21/turn               u - +4 ring of protection
MPRegen 0.11/turn               k - ring of flight

@: strong-willed, on berserk cooldown, flying, regenerating, hasted and slowed,
heavily drained
A: hooves 1, rugged brown scales 2, ignite blood 1, powered by pain 2, dopey 1,
robust 1
a: Renounce Religion, Berserk, Trog's Hand


You were on level 8 of the Dungeon.
You worshipped Trog.
Trog was pleased with you.
You visited 1 branch of the dungeon, and saw 8 of its levels.

You collected 262 gold pieces.
You spent 112 gold pieces at shops.

Inventory:

Hand Weapons
 a - a +1 hand axe (weapon)
 f - a +0 flail
 n - a +0 mace
Missiles
 r - 5 datura-tipped darts (quivered)
 v - 6 poisoned darts
 w - 3 boomerangs
Armour
 c - a +0 pair of gloves (worn)
 y - a +0 chain mail (worn)
 B - a +2 helmet (worn)
Jewellery
 k - a ring of flight (right hand)
 u - a +4 ring of protection (left hand)
Wands
 A - a wand of acid (8)
Scrolls
 b - a scroll of enchant armour
 e - a scroll of fear
 h - 2 scrolls of fog
 m - 5 scrolls of teleportation
 z - 2 scrolls of identify
Potions
 g - 2 potions of brilliance
 i - a potion of mutation
 j - a potion of might {unknown}
 l - 4 potions of heal wounds
 o - a potion of haste
 p - 2 potions of curing {unknown}
 q - 2 potions of cancellation {unknown}
 s - a potion of invisibility {unknown}
 t - a potion of degeneration {unknown}
 x - a potion of magic {unknown}


   Skills:
 * Level 9.0 Fighting
 * Level 8.2 Axes
 + Level 5.6 Armour
 - Level 1.7 Dodging


You had 8 spell levels left.
You didn't know any spells.
Your spell library was empty.

Dungeon Overview and Level Annotations

Branches:
Dungeon (8/15)             Temple (0/1) D:6
   Lair: D:8-11

Altars:
Fedhas
Okawaru
Qazlal
Trog
Uskayaw

Shops:
D:5 *?[!:


Innate Abilities, Weirdness & Mutations

You have large cloven feet.
You are mostly covered in rugged brown scales. (AC +2, +5% HP)
Your demonic aura sometimes causes spilled blood to erupt in flames.
You sometimes gain power by taking damage.
You are dopey. (Int -2)
You are robust. (+10% HP)


Message History

The two-headed ogre hits you with a +0 dire flail.
The two-headed ogre hits you with a +0 giant club!
* * * LOW HITPOINT WARNING * * *
The wight hits you with a +3 short sword of freezing.
* * * LOW HITPOINT WARNING * * *
The wight freezes you.
* * * LOW HITPOINT WARNING * * *
Your skin crawls.
You feel strong-willed. The wight hits you but does no damage.
The wight barely misses you. The wight hits you with a +0 hand axe.
* * * LOW HITPOINT WARNING * * *
The wight hits you with a +0 great sword of draining.
* * * LOW HITPOINT WARNING * * *
You feel drained.
* * * LOW HITPOINT WARNING * * *
You feel drained.
* * * LOW HITPOINT WARNING * * *
Okay, then.
You feel as though your hastened speed will last longer.
The two-headed ogre is engulfed in blazing flames.
The two-headed ogre hits you but does no damage.
The two-headed ogre hits you with a +0 giant club.
* * * LOW HITPOINT WARNING * * *
The wight closely misses you. The wight hits you but does no damage.
The wight barely misses you.
The wight hits you with a +3 short sword of freezing.
* * * LOW HITPOINT WARNING * * *
You feel drained. The wight freezes you.
* * * LOW HITPOINT WARNING * * *
Okay, then.
You feel much better. The wight closely misses you.
The wight hits you but does no damage.
The wight hits you with a +0 great sword of draining.
* * * LOW HITPOINT WARNING * * *
You feel drained.
* * * LOW HITPOINT WARNING * * *
The two-headed ogre is engulfed in blazing flames.
The two-headed ogre hits you with a +0 dire flail!!
You die...

... ##...#.#..#
...###..?..#...
.............
..........#
#..#......##.#
#../....#<...#
#.......##.......
<.#...Oz# .......
....##z@# .......
......zz# .......
......zy# ....#.#
#........ ....###
#........ ....#
#...>....#
#.........
#.........


You could see a two-headed ogre, a killer bee and 5 wights.

Vanquished Creatures
  Sigmund (D:2)
  An acid dragon (D:8)
  5 water moccasins
  An ice beast (D:5)
  An orc warrior (D:7)
  A black bear (D:4)
  2 ogres
  4 phantoms
  A kobold brigand (D:7)
  3 bullfrogs (D:7)
  A gnoll sergeant (D:6)
  A necrophage (D:5)
  A scorpion (D:7)
  5 wights (D:6)
  A killer bee (D:8)
  3 howler monkeys
  3 jellies
  2 orc priests (D:7)
  A hound (D:7)
  5 iguanas
  An orc wizard (D:4)
  5 adders
  8 gnolls
  2 shadow imps
  A white imp (D:7)
  3 ufetubi
  A dart slug (D:4)
  12 orcs
  8 ball pythons
  8 endoplasms
  A giant cockroach (D:4)
  8 goblins
  7 hobgoblins
  9 kobolds
  3 quokkas
  4 bats (D:1)
  A frilled lizard (D:2)
  6 rats
131 creatures vanquished.

Notes
Turn   | Place    | Note
-------+----------+-------------------------------------------
     0 | D:1      | sammy202020 the Demonspawn Berserker began the quest for
                  | the Orb.
     0 | D:1      | Reached XP level 1. HP: 18/18 MP: 1/1
    77 | D:1      | Gained mutation: Your demonic aura sometimes causes spilled
                  | blood to erupt in flames. [demonic ancestry]
    77 | D:1      | Reached XP level 2. HP: 12/24 MP: 2/2
   299 | D:1      | Found a faded altar of an unknown god.
   795 | D:1      | Gained mutation: You sometimes gain a little power by
                  | taking damage. [demonic ancestry]
   795 | D:1      | Reached XP level 3. HP: 28/29 MP: 3/3
  1008 | D:1      | Reached ** piety under Trog
  1250 | D:2      | Noticed Sigmund
  1263 | D:2      | Killed Sigmund
  1264 | D:2      | Reached skill level 4 in Fighting
  1264 | D:2      | Gained mutation: You are partially covered in rugged brown
                  | scales. (AC +1, +3% HP) [demonic ancestry]
  1264 | D:2      | Reached XP level 4. HP: 25/39 MP: 4/4
  1264 | D:2      | Gained mutation: You sometimes gain power by taking damage.
                  | [demonic ancestry]
  1264 | D:2      | Reached XP level 5. HP: 29/44 MP: 5/5
  2227 | D:3      | You fall into a shaft and drop 1 floor!
  2375 | D:4      | Noticed a black bear
  2388 | D:4      | Killed a black bear
  2389 | D:4      | Reached skill level 5 in Fighting
  2389 | D:4      | Reached XP level 6. HP: 23/52 MP: 6/6
  3046 | D:4      | Reached skill level 5 in Axes
  3046 | D:4      | Reached XP level 7. HP: 19/57 MP: 7/7
  3707 | D:5      | Entered Level 5 of the Dungeon
  3728 | D:5      | Reached skill level 6 in Fighting
  3978 | D:5      | Found Tiuxteafoi's General Store.
  4108 | D:5      | Found Fuxi's Distillery.
  4234 | D:5      | Bought a potion of mutation for 112 gold pieces
  4238 | D:5      | Found Laggar's Book Shoppe.
  4269 | D:5      | Gained mutation: You are mostly covered in rugged brown
                  | scales. (AC +2, +5% HP) [demonic ancestry]
  4269 | D:5      | Reached XP level 8. HP: 44/68 MP: 8/8
  4563 | D:5      | Found Imino's Magic Scroll Emporium.
  4619 | D:5      | Found a hide-covered altar of Uskayaw.
  4867 | D:5      | Found Vurre's Armour Shoppe.
  4989 | D:6      | Found a staircase to the Ecumenical Temple.
  5052 | D:6      | Reached skill level 7 in Fighting
  5443 | D:6      | Found a blossoming altar of Fedhas.
  5451 | D:6      | Gained mutation: You are dopey. (Int -2) [potion of
                  | mutation]
  5451 | D:6      | Gained mutation: You are robust. (+10% HP) [potion of
                  | mutation]
  5751 | D:6      | Found a bloodstained altar of Trog.
  5943 | D:7      | Reached skill level 8 in Fighting
  5943 | D:7      | Reached skill level 5 in Armour
  6233 | D:7      | Gained mutation: You have large cloven feet. [demonic
                  | ancestry]
  6233 | D:7      | Reached XP level 9. HP: 84/85 MP: 9/9
  6470 | D:7      | Found a stormy altar of Qazlal.
  7394 | D:8      | Found an iron altar of Okawaru.
  7409 | D:8      | Reached skill level 9 in Fighting
  7416 | D:8      | Noticed a two-headed ogre
  7424 | D:8      | HP: 3/73 [wight/+3 short sword of freezing (1)]
  7425 | D:8      | Slain by a two-headed ogre

Illustrated notes

Levels and vault maps discovered:
D:1:      dpeg_arrival_morbid_curiosity, layout_rooms,
          shapermc_ecumenical_altar_starsandcircs
D:2:      layout_loops_cross, minivault_23, uniq_sigmund
D:3:      layout_loops_ring, chei_slow_surprise, kennysheep_orc_sif_temple,
          mainiacjoe_overflow_alcove_2, nemelex_xobeh_ov_fountains_minmay,
          corner_web_ring
D:4:      layout_loops_cross, lemuel_tele_altar, minmay_goblin_outpost
D:5:      layout_basic, lemuel_doored_altar, serial_shops, shop, shop,
          nicolae_take_the_stairs, nicolae_shop_waterfront, shop
D:6:      cheibrodos_helix_gallery, layout_rooms,
          mainiacjoe_overflow_cross_hatched, trog_three_pillars_becter,
          temple_statues
D:7:      layout_basic, mainiacjoe_overflow_surrounded_room, st_stairs_4
D:8:      layout_cave_pools, ashenzari_conservatory_becter,
          okawaru_metal_pillars_3, grunt_dithmenos_smoke,
          ebering_ghost_reflecting_pool, nicolae_sextant, uniq_maurice

Skill      XL: |  1  2  3  4  5  6  7  8  9 |
---------------+----------------------------+-----
Axes           | 3 4 5 6 7 8 |  8.2
Armour         | 2 3 4 5 |  5.6
Fighting       | 4 5 6 8 9 |  9.0
Dodging        | |  1.7

Action                   |  1- 3 |  4- 6 |  7- 9 || total
-------------------------+-------+-------+-------++-------
Melee: Hand axe          |    68 |   107 |   352 ||   527
       Punch             |     1 |     2 |     4 ||     7
       Kick              |       |       |    40 ||    40
Invok: Berserk           |     1 |     2 |     6 ||     9
       Trog's Hand       |       |     1 |     3 ||     4
  Use: Scroll            |       |       |    12 ||    12
       Potion            |       |       |     4 ||     4
 Stab: Sleeping          |     1 |       |       ||     1
Armor: Animal skin       |    12 |       |       ||    12
       Ring mail         |       |    32 |       ||    32
       Scale mail        |       |    29 |   182 ||   211
       Chain mail        |       |       |    38 ||    38
Dodge: Dodged            |    44 |    72 |   182 ||   298

Table legend: (Time is in decaauts)
 A = Elapsed time spent in this place.
 B = Non-inter-level travel time spent in this place.
 C = Inter-level travel time spent in this place.
 D = Time resting spent in this place.
 E = Time spent auto-exploring this place.
 F = Levels seen in this place.
 G = Mean time per level.
                   A        B        C        D        E       F      G
               +--------+--------+--------+--------+--------+-----+--------+
         Total |   7501 |   7207 |    294 |    708 |   5314 |   8 |  937.6 |
       Dungeon |   7501 |   7207 |    294 |    708 |   5314 |   8 |  937.6 |
               +--------+--------+--------+--------+--------+-----+--------+

Top non-repeatable levels by time:
     D:4: 1500 daAuts
     D:7: 1471 daAuts
     D:5: 1294 daAuts
     D:1: 1183 daAuts
     D:2: 991 daAuts
     D:6: 952 daAuts
     D:3: 79 daAuts
     D:8: 29 daAuts
